 Dungeon Crawl Stone Soup version 0.32-a0-597-g8e3e136d6a (webtiles) character file.

Game seed: 6510836226345329237

4273 killozap the Arsonist (level 10, -7/84 HPs)
             Began as a Mountain Dwarf Fire Elementalist on Mar 2, 2024.
             Was a Believer of Vehumet.
             Mangled by a large slime creature (22 damage)
             ... on level 9 of the Dungeon.
             The game lasted 00:38:03 (11223 turns).

killozap the Arsonist (MDFE)                       Turns: 11223, Time: 00:38:03

Health: -7/84      AC: 10    Str: 11    XL:     10   Next: 10%
Magic:  5/17       EV: 15    Int: 20    God:    Vehumet [**....]
Gold:   626        SH:  0    Dex: 10    Spells: 6/19 levels left

rFire   . . .        c - +1 dagger (venom)
rCold   . . .        (no shield)
rNeg    . . .        b - +1 ring mail
rPois   .            (no helmet)
rElec   .            (no cloak)
rCorr   .            t - +0 pair of gloves
SInv    +            r - +0 pair of boots
Will    +....        x - amulet of faith
Stlth   +            d - +5 ring of evasion
HPRegen 0.34/turn    A - ring of see invisible
MPRegen 0.15/turn

%: faith
@: no status effects
A: runic magic, artefact enchanting
a: Renounce Religion


You were on level 9 of the Dungeon.
You worshipped Vehumet.
Vehumet was pleased with you.
You visited 2 branches of the dungeon, and saw 10 of its levels.

You collected 626 gold pieces.

Inventory:

Hand Weapons
 c - a +1 dagger of venom (weapon)
 n - a +0 mace
Missiles
 e - a throwing net
Armour
 b - a +1 ring mail (worn)
 r - a +0 pair of boots (worn)
 t - a +0 pair of gloves (worn)
Jewellery
 d - a +5 ring of evasion (left hand)
 x - an amulet of faith (around neck)
 A - a ring of see invisible (right hand)
 B - a ring of ice
Wands
 m - a wand of roots (6)
 q - a wand of light (23)
Scrolls
 a - a scroll of blinking
 j - a scroll of amnesia
 u - a scroll of fear {unknown}
 y - 2 scrolls of noise {unknown}
 z - 2 scrolls of vulnerability
Potions
 f - 4 potions of might
 g - 4 potions of curing
 h - a potion of enlightenment {unknown}
 i - 2 potions of degeneration {unknown}
 k - 2 potions of invisibility {unknown}
 l - 4 potions of magic
 o - 3 potions of heal wounds
 p - 2 potions of haste
 s - 3 potions of mutation {unknown}
 v - a potion of attraction {unknown}
 w - 2 potions of lignification {unknown}
 C - a potion of brilliance {unknown}


   Skills:
 + Level 6.4 Fighting
 + Level 6.5 Armour
 - Level 1.3 Dodging
 - Level 1.4 Stealth
 + Level 5.1 Spellcasting
 + Level 5.3 Conjurations
 * Level 10.8 Fire Magic


You had 6 spell levels left.
You knew the following spells:

 Your Spells              Type           Power      Damage    Failure   Level
a - Foxfire               Conj/Fire      100%       2x1d9     1%          1
b - Scorch                Fire           96%        2d9       1%          2
c - Flame Wave            Conj/Fire      37%        2d10      4%          4
d - Volatile Blastmotes   Fire/Tloc      52%        2d14      4%          3
e - Inner Flame           Hex/Fire       26%        N/A       4%          3

Your spell library contained the following spells:

 Spells                   Type           Power      Damage    Failure   Level
 Sting                    Conj/Alch      60%        1d6       4%          1
 Lesser Beckoning         Tloc           10%        N/A       21%         2
 Mercury Vapours          Alch/Air       10%        N/A       21%         2
 Mephitic Cloud           Conj/Alch/Air  12%        N/A       21%         3
 Gell's Gravitas          Tloc           5%         N/A       38%         3
 Teleport Other           Tloc           5%         N/A       38%         3
 Freezing Cloud           Conj/Ice/Air   6%         6-21      88%         5


Dungeon Overview and Level Annotations

Branches:
Dungeon (9/15)             Temple (1/1) D:4
   Lair: D:8-11         Orc: D:9-12

Altars:
Ashenzari
Cheibriados
Dithmenos
Elyvilon
Fedhas
Gozag
Hepliaklqana
Kikubaaqudgha
Makhleb
Nemelex Xobeh
Okawaru
Qazlal
Ru
Sif Muna
Trog
Uskayaw
Vehumet
Wu Jian
Xom
Yredelemnul
Zin
The Shining One

Shops:
D:3 [

Annotations:
D:3 3 runed translucent doors, Poisondrake's ghost, amateur CoGl


Innate Abilities, Weirdness & Mutations

Your spellcasting is much less encumbered by armour.
You can use scrolls of enchantment on lesser artefacts.


Message History

The enormous slime creature hits you!!
The cloud of blastmotes explodes!
The concussive blast engulfs the enormous slime creature.
The enormous slime creature is lightly wounded.
The concussive blast engulfs you!
You are knocked back by the blast.
You enter a dispersal trap!
You blink.
You start resting.
A slime creature is nearby!
Casting: Volatile Blastmotes (mildly dangerous; 4% risk of failure)
Confirm with . or Enter, or press ? or * to list all spells.
Flames lash the slime creature.
The slime creature is lightly wounded.
The slime creature's fire resistance burns away.
Casting: Scorch (safe; 1% risk of failure)
Confirm with . or Enter, or press ? or * to list all spells.
You conjure some foxfire!
The foxfire hits the slime creature.
The slime creature is burned terribly!
The slime creature is lightly wounded.
Casting: Foxfire (safe; 1% risk of failure)
Confirm with . or Enter, or press ? or * to list all spells.
Aiming: Inner Flame (mildly dangerous; 4% risk of failure)
Press: ? - help, Dir - move target, f - slime creature
Aim: a slime creature (lightly wounded, more vulnerable to fire, chance to affect: 67%)
The slime creature struggles to resist.
The foxfire hits the slime creature.
The slime creature is moderately wounded.
Two slime creatures merge to form a large slime creature.
The slime creature quivers.
The slime creature hits you!
* * * LOW HITPOINT WARNING * * *
Casting: Inner Flame (mildly dangerous; 4% risk of failure)
Confirm with . or Enter, or press ? or * to list all spells.
You conjure some foxfire!
The slime creature hits you!
* * * LOW HITPOINT WARNING * * *
Your foxfire dissipates!
The slime creature is no longer more vulnerable to fire.
The foxfire hits the slime creature!
The slime creature is moderately wounded.
You hit the slime creature.
The slime creature is poisoned.
The slime creature is moderately wounded.
The large slime creature hits you!!
You die...

#...# ##
###'###
#...#
#.#.#
######
#.#...
......
#.#######
######
#....J..#
#######.#
#@JJ...^#
#J#.###.#
#
#...#...#
#
#####'###
# ##.# ##
#..# #.
####'#####
#.
#........#
##'
#........#
#..


You could see a large slime creature and 2 slime creatures.

Vanquished Creatures
  A boulder beetle (D:7)
  A hornet (D:6)
  Prince Ribbit (D:6)
  A yak (D:9)
  A basilisk (D:9)
  2 steam dragons (D:7)
  2 water moccasins
  An orc warrior (D:8)
  4 sky beasts
  2 ice beasts
  A phantom (D:5)
  3 kobold brigands
  5 bullfrogs
  3 scorpions (D:5)
  2 howler monkeys
  A bombardier beetle (D:5)
  4 jellies
  5 hounds
  3 orc priests
  2 sleepcaps
  3 iguanas
  4 orc wizards
  16 gnolls
  9 adders
  A white imp (D:6)
  2 ufetubi (D:7)
  8 dart slugs (D:4)
  A ribbon worm (D:2)
  15 orcs
  6 endoplasms
  25 goblins
  24 hobgoblins
  3 jackals (D:2)
  26 kobolds
  5 quokkas
  10 ball pythons
  5 bats
  4 frilled lizards
  3 rats
215 creatures vanquished.

Vanquished Creatures (others)
  513 foxfires
513 creatures vanquished.

Grand Total: 728 creatures vanquished

Notes
Turn   | Place    | Note
-------+----------+-------------------------------------------
     0 | D:1      | killozap the Mountain Dwarf Fire Elementalist began the
                  | quest for the Orb.
     0 | D:1      | Reached XP level 1. HP: 14/14 MP: 3/3
   150 | D:1      | Reached skill level 1 in Conjurations
   315 | D:1      | Reached XP level 2. HP: 22/22 MP: 1/4
   466 | D:1      | Reached skill level 4 in Fire Magic
  1370 | D:2      | Reached skill level 1 in Fighting
  1370 | D:2      | Reached skill level 1 in Armour
  1442 | D:2      | Reached XP level 3. HP: 28/28 MP: 4/6
  1991 | D:2      | Reached XP level 4. HP: 15/35 MP: 4/7
  2501 | D:3      | Found a runed translucent gate.
  2501 | D:3      | Found a runed translucent gate.
  2502 | D:3      | Found a runed translucent gate.
  2503 | D:3      | Found an opulent altar of Gozag.
  2514 | D:3      | Found Feerueloon's Antique Armour Boutique.
  2630 | D:3      | Noticed Poisondrake's ghost (amateur CoGl)
  2944 | D:3      | Reached XP level 5. HP: 35/41 MP: 1/8
  2958 | D:3      | Reached skill level 5 in Fire Magic
  3744 | D:3      | Reached XP level 6. HP: 50/50 MP: 5/9
  4816 | D:4      | Learned a level 2 spell: Scorch
  5106 | D:4      | Reached skill level 6 in Fire Magic
  5453 | D:4      | Found a hide-covered altar of Uskayaw.
  5476 | D:4      | Found a staircase to the Ecumenical Temple.
  5484 | Temple   | Entered the Ecumenical Temple
  5515 | Temple   | Became a worshipper of Vehumet
  5880 | D:5      | Entered Level 5 of the Dungeon
  5892 | D:5      | Reached XP level 7. HP: 57/57 MP: 8/11
  6463 | D:5      | Reached skill level 7 in Fire Magic
  6518 | D:5      | Found an iron altar of Okawaru.
  6926 | D:5      | Reached XP level 8. HP: 46/66 MP: 8/13
  7005 | D:5      | Found an ancient bone altar of Kikubaaqudgha.
  7986 | D:6      | Noticed Prince Ribbit
  8011 | D:6      | Reached skill level 8 in Fire Magic
  8013 | D:6      | Killed Prince Ribbit
  8289 | D:7      | Reached * piety under Vehumet
  8289 | D:7      | Offered knowledge of Kiss of Death by Vehumet.
  8303 | D:7      | Learned a level 4 spell: Flame Wave
  8307 | D:7      | Learned a level 3 spell: Volatile Blastmotes
  8311 | D:7      | Learned a level 3 spell: Inner Flame
  8331 | D:7      | Noticed a hornet
  8338 | D:6      | Paralysed by a hornet for 3 turns
  8347 | D:6      | Killed a hornet
  8348 | D:6      | Reached skill level 5 in Fighting
  8348 | D:6      | Reached skill level 5 in Armour
  8513 | D:7      | Reached skill level 9 in Fire Magic
  8513 | D:7      | Reached XP level 9. HP: 74/74 MP: 9/15
  8701 | D:7      | Noticed a boulder beetle
  8739 | D:7      | Killed a boulder beetle
  9044 | D:7      | Reached skill level 10 in Fire Magic
  9715 | D:8      | Reached skill level 5 in Conjurations
  9763 | D:8      | Found an opulent altar of Gozag.
  9869 | D:8      | Reached ** piety under Vehumet
  9869 | D:8      | Offered knowledge of Sting by Vehumet.
 10516 | D:8      | Reached skill level 5 in Spellcasting
 10971 | D:9      | Reached XP level 10. HP: 84/84 MP: 12/17
 11223 | D:9      | Mangled by a large slime creature

Illustrated notes

Levels and vault maps discovered:
D:1:      minmay_arrival_loop, layout_loops_corners, minmay_nonomino_d4
D:2:      layout_rooms
D:3:      minmay_goblin_kobold_castle, layout_loops_ring, serial_shops, shop,
          ebering_ghost_gozag
D:4:      kennysheep_slugbush, layout_basic, lemuel_coloured_pillars_altar,
          temple_fountains, kennysheep_nondescript
D:5:      layout_gridville, nicolae_overflow_crystal_walls,
          kiku_gazebo_garden_becter
D:6:      layout_basic, uniq_prince_ribbit1
D:7:      layout_rooms
D:8:      layout_basic, mainiacjoe_overflow_alcove_1
D:9:      layout_roguey, dpeg_lair_monsters
Temple:   regret_index_temple_mists

Skill      XL: |  1  2  3  4  5  6  7  8  9 |
---------------+----------------------------+-----
Conjurations   | 1 2 3 4 5 |  5.3
Fire Magic     | 4 5 6 7 9 10 | 10.8
Spellcasting   | 2 3 4 5 |  5.1
Fighting       | 1 2 3 5 6 |  6.4
Armour         | 1 2 3 4 5 6 |  6.5
Dodging        | |  1.3
Stealth        | |  1.4

Action                     |  1- 3 |  4- 6 |  7- 9 | 10-12 || total
---------------------------+-------+-------+-------+-------++-------
  Melee: Dagger            |    42 |    77 |    93 |     9 ||   221
   Cast: Foxfire           |    54 |   132 |   142 |     6 ||   334
         Scorch            |       |       |    26 |     2 ||    28
         Inner Flame       |       |       |     9 |     1 ||    10
         Volatile Blastmot |       |       |     4 |     6 ||    10
    Use: Potion            |       |     1 |     5 |       ||     6
         Scroll            |       |     9 |     1 |       ||    10
 Armour: Robe              |    24 |       |       |       ||    24
         Leather armour    |    19 |    35 |       |       ||    54
         Ring mail         |       |    73 |   127 |    15 ||   215
  Dodge: Dodged            |    38 |   108 |   136 |     6 ||   288

Table legend: (Time is in decaauts)
 A = Elapsed time spent in this place.
 B = Non-inter-level travel time spent in this place.
 C = Inter-level travel time spent in this place.
 D = Time resting spent in this place.
 E = Time spent auto-exploring this place.
 F = Levels seen in this place.
 G = Mean time per level.
                   A        B        C        D        E       F      G
               +--------+--------+--------+--------+--------+-----+--------+
         Total |  11277 |  10869 |    408 |   1073 |   7748 |  10 | 1127.7 |
       Dungeon |  11212 |  10823 |    389 |   1073 |   7748 |   9 | 1245.8 |
        Temple |     64 |     45 |     19 |      0 |      0 |   1 |   64.0 |
               +--------+--------+--------+--------+--------+-----+--------+

Top non-repeatable levels by time:
     D:3: 2126 daAuts
     D:5: 1411 daAuts
     D:1: 1330 daAuts
     D:7: 1307 daAuts
     D:4: 1297 daAuts
     D:6: 1161 daAuts
     D:2: 1107 daAuts
     D:8: 1055 daAuts
     D:9: 416 daAuts
  Temple: 64 daAuts
